 Dungeon Crawl Stone Soup version 0.29.1-2-gbd0b4ee654 (webtiles) character file.

Game seed: 13144990944905983989

53 cdecastro the Ruffian (level 3, -2/31 HPs)
             Began as a Ghoul Monk on Nov 19, 2022.
             Slain by Terence
             ... wielding a +0 trident
              (8 damage)
             ... on level 2 of the Dungeon.
             The game lasted 00:01:44 (925 turns).

cdecastro the Ruffian (Ghoul Monk)                   Turns: 925, Time: 00:01:45

Health: -2/31      AC:  2    Str: 16    XL:     3   Next: 87%
Magic:  2/2        EV: 12    Int:  5    God:
Gold:   89         SH:  0    Dex: 11    Spells: 2/2 levels left

rFire   . . .      SeeInvis .     - Unarmed
rCold   + . .      Faith    .   (no shield)
rNeg    + + +      Spirit   .   a - +0 robe
rPois   ∞          Reflect  .   (no helmet)
rElec   .          Harm     .   (no cloak)
rCorr   .          Rampage  .   (no gloves)
Will    .....                   (no boots)
Stlth   ++........              (no amulet)
HPRegen 0.00/turn               (no ring)
MPRegen 0.08/turn               (no ring)

@: inhibited regen
A: claws 1, cold resistance 1, negative energy resistance 3, inhibited
regeneration, torment resistance 2, devour on kill
a: no special abilities


You were on level 2 of the Dungeon.
You visited 1 branch of the dungeon, and saw 2 of its levels.

You collected 89 gold pieces.

Inventory:

Armour
 a - a +0 robe (worn)
Jewellery
 g - a ring of see invisible
 i - a ring of ice
Scrolls
 c - a scroll of acquirement {unknown}
 f - a scroll of identify {unknown}
 h - a scroll of poison {unknown}
 j - a scroll of brand weapon {unknown}
Potions
 b - a potion of ambrosia
 d - a potion of degeneration {unknown}
 e - a potion of brilliance {unknown}
 k - 2 potions of invisibility {unknown}


   Skills:
 - Level 3.2 Fighting
 - Level 2.6 Dodging
 - Level 2.1 Stealth
 + Level 5.1 Unarmed Combat


You had 2 spell levels left.
You didn't know any spells.
Your spell library was empty.

Dungeon Overview and Level Annotations

Branches:
Dungeon (2/15)

Altars:

Annotations:
D:2 Terence


Innate Abilities, Weirdness & Mutations

You are immune to poison.
You have sharp fingernails.
Your flesh is cold resistant. (rC+)
You are immune to negative energy. (rN+++)
You do not regenerate when monsters are visible.
You are immune to unholy pain and torment.
You thrive by killing the living.


Message History

a +0 dagger; a goblin corpse An adder comes into view.
A giant cockroach comes into view.
Things that are here:
a +0 whip; a stone; an adder corpse Terence asks, "Do you want it fast or slow?"
You see here a hobgoblin skeleton.
There is a stone staircase leading up here.
You scratch the goblin.
You kill the goblin!
Things that are here:
a +0 club; a goblin corpse
There is a stone staircase leading up here.
Terence barely misses you.
Things that are here:
a +0 club; a goblin corpse You closely miss Terence.
Terence barely misses you.
You barely miss Terence. Terence hits you with a +0 trident.
You closely miss Terence. Terence hits you with a +0 trident.
You closely miss Terence. Terence closely misses you.
You barely miss Terence. Terence barely misses you.
You scratch Terence.
Terence is moderately wounded.
Terence hits you with a +0 trident!
You scratch Terence.
Terence is heavily wounded.
You scratch Terence.
Terence is severely wounded.
Terence hits you but does no damage.
You scratch Terence.
Terence is almost dead.
Terence barely misses you.
You scratch Terence but do no damage.
Terence is almost dead.
Terence hits you with a +0 trident!
* * * LOW HITPOINT WARNING * * *
You scratch Terence but do no damage.
Terence is almost dead.
Terence hits you with a +0 trident!
You die...

.. .##.##
###### ......
#<@@g# #.....#
####÷###.....#
#..........#
#...)......#
#.......#.#
#.......#
#..@....#
#.......#
#.##.......#


You could see Terence and a hobgoblin.

Vanquished Creatures
  Jessica (D:2)
  An adder (D:2)
  A ball python (D:1)
  A giant cockroach (D:1)
  4 goblins
  A hobgoblin (D:2)
  A frilled lizard (D:1)
  7 kobolds
  A rat (D:1)
18 creatures vanquished.

Notes
Turn   | Place    | Note
-------+----------+-------------------------------------------
     0 | D:1      | cdecastro the Ghoul Monk began the quest for the Orb.
     0 | D:1      | Reached XP level 1. HP: 19/19 MP: 0/0
   370 | D:1      | Reached XP level 2. HP: 26/26 MP: 1/1
   466 | D:1      | Reached skill level 4 in Unarmed Combat
   554 | D:1      | Found a faded altar of an unknown god.
   702 | D:2      | Noticed Jessica
   707 | D:2      | Killed Jessica
   708 | D:2      | Reached XP level 3. HP: 28/31 MP: 2/2
   769 | D:2      | Reached skill level 5 in Unarmed Combat
   874 | D:2      | Identified the +1 robe of Resilience {rN+}
   879 | D:2      | Noticed Terence
   925 | D:2      | Slain by Terence

Illustrated notes

Levels and vault maps discovered:
D:1:      tarquinn_simple_flora_water_f, layout_loops_ring,
          hellmonk_ecumenical_altar_lost_god
D:2:      layout_basic, serial_shops, shop, minmay_tromino_v4_b, uniq_terence,
          uniq_robin, uniq_jessica

Skill      XL: |  1  2  3 |
---------------+----------+-----
Unarmed Combat | 4 5 |  5.1
Fighting       | |  3.2
Dodging        | |  2.6
Stealth        | |  2.1

Action                   || total
-------------------------++-------
Melee: Unarmed           ||    53
       Punch             ||     1
Armor: Robe              ||    11
Dodge: Dodged            ||    27
